 Dungeon Crawl Stone Soup version 0.29-a0-231-g945431f764 (webtiles) character file.

Game seed: 16462815283387921137

8204 drugrobin the Fighter (level 10, -13/91 HPs)
             Began as a Demigod Fighter on Feb 28, 2022.
             Mangled by Snorg (17 damage)
             ... on level 10 of the Dungeon.
             The game lasted 00:30:45 (11326 turns).

drugrobin the Fighter (Demigod Fighter)            Turns: 11326, Time: 00:30:46

Health: -13/91     AC: 20    Str: 32    XL:     10   Next: 79%
Magic:  13/13      EV: 11    Int: 10    God:
Gold:   134        SH: 11    Dex: 19    Spells: 9/9 levels left

rFire   . . .      SeeInvis .   a - +12 mace of the Swamp {vorpal, Str+3}
rCold   . . .      Faith    .   c - +0 buckler
rNeg    . . .      Spirit   .   Q - +0 plate armour
rPois   +          Reflect  +   K - +0 helmet
rElec   .          Harm     .   U - +1 cloak of Starlight {*Dazzle EV+4 Stlth--}
rCorr   .          Rampage  .   f - +0 pair of gloves
Will    +....                   q - +0 pair of boots
Stlth   ..........              o - amulet of reflection
HPRegen 0.25/turn               g - +6 ring of dexterity
MPRegen 0.13/turn               x - ring of poison resistance

@: no status effects
A: high MP 1, forlorn, divine attributes
a: no special abilities


You were on level 10 of the Dungeon.
You visited 1 branch of the dungeon, and saw 10 of its levels.
You also visited: Sewer.

You collected 683 gold pieces.
You spent 549 gold pieces at shops.

Inventory:

Hand Weapons
 a - the +12 mace of the Swamp (weapon) {vorpal, Str+3}
   (You found it on level 3 of the Dungeon)

   It inflicts extra damage upon your enemies.
   Str:       It affects your strength (+3).
 m - a +0 hand axe
 G - a +0 war axe
Missiles
 e - 265 stones
 l - 8 poisoned darts
 s - a boomerang (quivered)
 t - 8 javelins
Armour
 c - a +0 buckler (worn)
 f - a +0 pair of gloves (worn)
 q - a +0 pair of boots (worn)
 E - an orb of wrath
 K - a +0 helmet (worn)
 P - a scarf of invisibility
 Q - a +0 plate armour (worn)
 U - the +1 cloak of Starlight (worn) {*Dazzle EV+4 Stlth--}
   (You bought it in a shop on level 9 of the Dungeon)

   It may blind those who miss an attack against the wearer in melee combat.
   EV:        It affects your evasion (+4).
   Stlth:     It makes you much less stealthy.
Magical Staves
 i - a staff of poison
Jewellery
 g - a +6 ring of dexterity (left hand)
 o - an amulet of reflection (around neck)
 x - a ring of poison resistance (right hand)
 C - a ring of ice
 L - a ring of magical power
Wands
 M - a wand of acid (5)
 O - a wand of polymorph (6)
Scrolls
 d - a scroll of summoning
 h - 3 scrolls of blinking {unknown}
 k - a scroll of identify
 n - a scroll of brand weapon {unknown}
 p - 2 scrolls of magic mapping
 u - a scroll of torment {unknown}
 v - 2 scrolls of vulnerability {unknown}
 y - a scroll of enchant weapon {unknown}
 A - 3 scrolls of fear
 H - a scroll of fog {unknown}
 I - 2 scrolls of teleportation {unknown}
 N - 2 scrolls of enchant armour {unknown}
Potions
 j - a potion of resistance
 r - 4 potions of curing
 w - a potion of haste
 z - a potion of brilliance {unknown}
 B - a potion of invisibility {unknown}
 D - 2 potions of attraction
 F - 2 potions of heal wounds
 J - a potion of ambrosia {unknown}
 R - a potion of flight {unknown}
 S - a potion of cancellation {unknown}
 T - a potion of berserk rage {unknown}


   Skills:
 + Level 9.3 Fighting
 + Level 9.0 Axes
 + Level 9.2 Armour
 - Level 5.0 Shields


You had 9 spell levels left.
You didn't know any spells.
Your spell library contained the following spells:

 Spells                   Type           Power      Damage    Failure   Level
 Apportation              Tloc           0%         N/A       97%         1
 Beastly Appendage        Tmut           0%         N/A       97%         1
 Foxfire                  Conj/Fire      0%         2x1d4     97%         1
 Magic Dart               Conj           0%         1d3       97%         1
 Call Imp                 Summ           0%         N/A       99%         2
 Ensorcelled Hibernation  Hex/Ice        0%         N/A       99%         2
 Passwall                 Tmut/Erth      0%         N/A       99%         2
 Sublimation of Blood     Necr           0%         N/A       99%         2
 Wereblood                Tmut           0%         N/A       99%         2
 Confusing Touch          Hex            0%         N/A       100%        3
 Conjure Flame            Conj/Fire      0%         6-21      100%        3
 Inner Flame              Hex/Fire       0%         N/A       100%        3
 Mephitic Cloud           Conj/Pois/Air  0%         N/A       100%        3
 Spider Form              Tmut/Pois      0%         N/A       100%        3
 Swiftness                Air            0%         N/A       100%        3
 Tukima's Dance           Hex            0%         N/A       100%        3
 Animate Armour           Summ/Erth      0%         N/A       100%        4
 Flame Wave               Conj/Fire      0%         2d4       100%        4
 Passage of Golubria      Tloc           0%         N/A       100%        4
 Petrify                  Tmut/Erth      0%         N/A       100%        4
 Alistair's Intoxication  Tmut/Pois      0%         N/A       100%        5
 Blade Hands              Tmut           0%         N/A       100%        5
 Irradiate                Conj/Tmut      0%         3d14      100%        5
 Yara's Violent Unravell  Hex/Tmut       0%         3d3       100%        5
 Iron Shot                Conj/Erth      0%         9d1       100%        6
 Enfeeble                 Hex            0%         N/A       100%        7


Dungeon Overview and Level Annotations

Branches:
Dungeon (10/15)            Temple (0/1) D:4            Lair (0/6) D:8
  Sewer (visited)
    Orc: D:9-12

Shops:
D:1 *   D:7 *=   D:9 [

Annotations:
D:10 Snorg


Innate Abilities, Weirdness & Mutations

You have an increased reservoir of magic. (+10% MP)
You shall have no god before yourself.
Your divine heritage dramatically boosts your attributes as you level up.


Message History

You block Snorg's attack.
Unknown command.
Unknown command.
Aiming: Corrosive Bolt
Press: ? - help, Shift-Dir - straight line, f/p - Snorg
Aim: Snorg (heavily wounded, berserk, poisoned, 71% to hit)
The bolt of acid hits Snorg!
The acid corrodes Snorg!
Snorg is heavily wounded.
Snorg misses you. Snorg claws you but does no damage. You block Snorg's attack.
Snorg closely misses you. Snorg claws you but does no damage. Snorg claws you.
* * * LOW HITPOINT WARNING * * *
Unknown command.
Okay, then.
Unknown command.
Unknown command.
You sock Snorg!
Snorg is heavily wounded.
Snorg bites you but does no damage. Snorg claws you but does no damage. x2
Unknown command.
Unknown command.
Unknown command.
You hit Snorg.
Snorg is severely wounded.
Snorg bites you but does no damage. Snorg claws you.
* * * LOW HITPOINT WARNING * * *
Snorg barely misses you. You block Snorg's attack.
Snorg claws you but does no damage. You block Snorg's attack.
Unknown command.
Unknown command.
Unknown command.
Unknown command.
Unknown command.
You closely miss Snorg.
Snorg is severely wounded.
Snorg bites you!
* * * LOW HITPOINT WARNING * * *
Snorg completely misses you. Snorg claws you!
* * * LOW HITPOINT WARNING * * *
You block Snorg's attack. Snorg closely misses you. Snorg claws you!
You die...

....###.............
....?#...............
.....................
.....................
.....................
..............)......
.......(.............
.......T.............
.......@......#.....
.............## .#..
#..#...<#.###..# # ##
######## ###


You could see Snorg (berserk, poisoned, corroded).

Vanquished Creatures
  A two-headed ogre (D:3)
  The ghost of Pooter the Spear-Bearer, a novice TeBe of Trog (D:7)
  An unseen horror (D:8)
  A komodo dragon (D:9)
  Grinder (D:3)
  A troll (D:6)
  A blink frog (D:9)
  A wyvern (D:8)
  2 steam dragons
  3 yaks (D:8)
  Duvessa (D:6)
  4 water moccasins
  Pargi (Sewer)
  2 ice beasts
  2 sky beasts
  4 orc warriors
  A black bear (D:7)
  8 centaurs
  6 ogres
  2 phantoms (D:4)
  A kobold brigand (D:7)
  4 bullfrogs
  2 necrophages (D:7)
  3 scorpions
  11 wights
  Dowan (D:6)
  A howler monkey (D:6)
  2 hounds (D:6)
  3 jellies
  10 orc priests
  A gnoll shaman (D:4)
  Crazy Yiuf (D:3)
  2 iguanas
  7 orc wizards
  11 adders
  9 gnolls
  A river rat (D:3)
  A shadow imp (D:7)
  An ufetubus (D:4)
  2 worms
  A dart slug (D:4)
  22 orcs
  7 ball pythons
  4 endoplasms
  3 giant cockroaches
  9 goblins
  3 hobgoblins (D:4)
  4 jackals (D:1)
  8 quokkas
  4 bats
  2 frilled lizards (D:3)
  7 kobolds
  7 rats
199 creatures vanquished.

Vanquished Creatures (collateral kills)
  An ice beast (D:7)
  A white imp (D:7)
2 creatures vanquished.

Vanquished Creatures (others)
  A bush (D:4)
  4 plants (D:4)
5 creatures vanquished.

Grand Total: 206 creatures vanquished

Notes
Turn   | Place    | Note
-------+----------+-------------------------------------------
     0 | D:1      | drugrobin the Demigod Fighter began the quest for the Orb.
     0 | D:1      | Reached XP level 1. HP: 18/18 MP: 3/3
    39 | D:1      | Found Xituewniki's Assorted Antiques.
   368 | D:1      | Reached XP level 2. HP: 25/25 MP: 4/4
  1221 | D:2      | Reached XP level 3. HP: 31/31 MP: 5/5
  1848 | D:3      | Reached XP level 4. HP: 7/38 MP: 6/6
  1938 | D:3      | Found a glowing drain.
  2089 | Sewer    | Entered a sewer
  2186 | Sewer    | Noticed Pargi
  2191 | Sewer    | Killed Pargi
  2192 | Sewer    | Reached XP level 5. HP: 43/45 MP: 7/7
  2337 | D:3      | Noticed Grinder
  2340 | D:3      | Paralysed by Grinder for 5 turns
  2948 | D:4      | Reached XP level 6. HP: 48/52 MP: 8/8
  3674 | D:4      | Noticed a two-headed ogre
  3789 | D:3      | Identified the +12 mace of the Swamp {vorpal, Str+3}
  3799 | D:4      | You fall into a shaft and drop 3 floors!
  3818 | D:7      | Reached XP level 7. HP: 39/60 MP: 9/9
  3866 | D:6      | Noticed a steam dragon
  3913 | D:7      | Found Guxkochy's Jewellery Shoppe.
  3957 | D:7      | Found Naorhuej's General Store.
  4246 | D:6      | Reached skill level 5 in Fighting
  4246 | D:6      | Reached skill level 5 in Armour
  4246 | D:6      | Reached skill level 5 in Shields
  4331 | D:6      | Noticed Duvessa
  4388 | D:6      | Killed a steam dragon
  4389 | D:6      | Reached XP level 8. HP: 8/69 MP: 10/10
  4819 | D:6      | Reached skill level 5 in Axes
  4825 | D:5      | Entered Level 5 of the Dungeon
  6247 | D:3      | Killed a two-headed ogre
  6248 | D:3      | Reached XP level 9. HP: 42/78 MP: 11/11
  6440 | D:3      | Found a runed translucent door.
  6441 | D:3      | Noticed Crazy Yiuf
  6558 | D:3      | Killed Grinder
  6645 | D:3      | Killed Crazy Yiuf
  6903 | D:4      | Found a staircase to the Ecumenical Temple.
  7167 | D:6      | Killed Duvessa
  7247 | D:6      | Noticed Dowan
  7281 | D:6      | Killed Dowan
  8236 | D:7      | Found a transporter.
  8237 | D:7      | Noticed Pooter's ghost (novice TeBe)
  8237 | D:7      | Noticed a two-headed ogre
  8243 | D:7      | Found a transporter.
  8280 | D:7      | Killed Pooter's ghost
  8281 | D:7      | Reached XP level 10. HP: 54/88 MP: 13/13
  9882 | D:8      | Found a staircase to the Lair.
 10628 | D:9      | Noticed Joseph
 10629 | D:9      | Noticed Joseph
 10629 | D:9      | Joseph changed into Joseph the blink frog
 10648 | D:9      | Killed Joseph the blink frog
 11161 | D:9      | Found Koken's Antique Armour Emporium.
 11169 | D:9      | Bought the +1 cloak of Starlight {*Dazzle EV+4 Stlth--} for
                  | 549 gold pieces
 11169 | D:9      | Found the +1 cloak of Starlight {*Dazzle EV+4 Stlth--}
 11296 | D:10     | Entered Level 10 of the Dungeon
 11307 | D:10     | Noticed Snorg
 11326 | D:10     | HP: 4/91 [Snorg (11)]
 11326 | D:10     | Mangled by Snorg

Illustrated notes

Levels and vault maps discovered:
D:1:      dpeg_arrival_shelter, layout_loops_cross, serial_shops,
          nicolae_shop_stone, hellmonk_ecumenical_altar_heavens_door
D:2:      layout_basic
D:3:      layout_rooms, mainiacjoe_overflow_boulevard, gup_sewer_entry_bubbles,
          uniq_grinder, uniq_crazy_yiuf_cottage
D:4:      layout_loops_corners, lemuel_crystal_altar,
          minmay_temple_entry_overgrown, minmay_misc_feat_four_crosses
D:5:      layout_basic, zin_scriptorium, minivault_11,
          kennysheep_opposing_triangles
D:6:      layout_loops_ring, uniq_duvessa
D:7:      layout_loops_ring, serial_shops, shop, nicolae_shop_waterfront,
          gammafunk_ghost_smash, nzn_random_ring
D:8:      layout_cave_pods, lair_entry_dummy
D:9:      layout_roguey, nicolae_ru_sacrificial_ziggurat, serial_shops,
          nicolae_shop_statue_plus, uniq_joseph
D:10:     layout_big_octagon, minmay_mirror_moons_of_madness, uniq_snorg,
          uniq_gastronok

Skill      XL: |  1  2  3  4  5  6  7  8  9 10 |
---------------+-------------------------------+-----
Axes           | 2 3 4 6 7 9 |  9.0
Armour         | 3 4 5 6 8 9 |  9.2
Fighting       | 3 4 5 6 8 9 |  9.3
Shields        | 3 4 5 |  5.0

Action                   |  1- 3 |  4- 6 |  7- 9 | 10-12 || total
-------------------------+-------+-------+-------+-------++-------
Melee: War axe           |   128 |   105 |       |       ||   233
       Hand axe          |    14 |     5 |       |       ||    19
       Mace              |       |     4 |   210 |   161 ||   375
Throw: Stone             |     2 |       |       |       ||     2
       Boomerang         |     3 |    10 |    18 |     7 ||    38
       Dart              |       |     2 |     5 |     1 ||     8
Evoke: Wand              |       |       |     6 |     5 ||    11
  Use: Potion            |     1 |     2 |       |       ||     3
       Scroll            |       |     5 |     5 |     1 ||    11
 Stab: Paralysed         |       |       |     5 |       ||     5
Armor: Scale mail        |    59 |    35 |    29 |       ||   123
       Skin              |     3 |       |       |       ||     3
       Chain mail        |       |       |    18 |       ||    18
       Plate armour      |       |       |    12 |    89 ||   101
Dodge: Dodged            |    59 |    36 |    66 |    39 ||   200
Block: Buckler           |    59 |    69 |   146 |    93 ||   367
       Reflection        |       |       |    10 |     3 ||    13

Table legend: (Time is in decaauts)
 A = Elapsed time spent in this place.
 B = Non-inter-level travel time spent in this place.
 C = Inter-level travel time spent in this place.
 D = Time resting spent in this place.
 E = Time spent auto-exploring this place.
 F = Levels seen in this place.
 G = Mean time per level.
                   A        B        C        D        E       F      G
               +--------+--------+--------+--------+--------+-----+--------+
         Total |  11555 |  10926 |    629 |   2030 |   5799 |  11 | 1050.5 |
       Dungeon |  11377 |  10748 |    629 |   2030 |   5794 |  10 | 1137.7 |
         Sewer |    177 |    177 |      0 |      0 |      5 |   1 |  177.0 |
               +--------+--------+--------+--------+--------+-----+--------+

Top non-repeatable levels by time:
     D:7: 2354 daAuts
     D:4: 1481 daAuts
     D:3: 1411 daAuts
     D:5: 1312 daAuts
     D:8: 1207 daAuts
     D:1: 1056 daAuts
     D:6: 1038 daAuts
     D:9: 743 daAuts
     D:2: 741 daAuts
   Sewer: 177 daAuts
    D:10: 30 daAuts
